[Event "*** Titled Tuesday Blitz"]
[Site "Chess.com"]
[Date "2019.07.02"]
[Round "8"]
[White "Alexander_Moskalenko"]
[Black "iturrizaga"]
[Result "1-0"]
[WhiteElo "2883"]
[BlackElo "2941"]
[TimeControl "180+2"]
[EndTime "14:49:07 PDT"]
[Termination "Alexander_Moskalenko won by checkmate"]

1. e4 c5 2. Nf3 g6 3. Bc4 Bg7 4. c3 e6 5. d4 cxd4 6. cxd4 d5 7.
Bb5+ Bd7 8. Bxd7+ Qxd7 9. e5 Nc6 10. Nc3 Nge7 11. O-O O-O 12. Bf4 h6 13. h3 g5 14.
Be3 Ng6 15. Ne2 f5 16. exf6 Rxf6 17. Ng3 Raf8 18. Nh2 Nf4 19. Re1 R6f7 20. Nh5 Nxh5 21.
Qxh5 Nxd4 22. Ng4 Nf5 23. Qg6 d4 24. Bd2 Kh8 25. Rac1 Re8 26. Rc5 Qe7 27. Rec1 Qf8 28. b3 Nh4 29. Qh5 Kg8 30. Bb4 a5 31. Ba3 Qe7 32. Rxa5 Qd8 33. Nxh6+ Bxh6 34. Qxh6 Qxa5 35. Rc5 Qe1+ 36. Kh2 Nf3+ 37. Kg3 Rg7 38. Kxf3 Rf8+ 39. Kg3 Qxf2+ 40. Kh2 Qf4+ 41. Kh1 Qf1+ 42. Kh2 Qf4+ 43. Kh1 Qg3 44. Rc1 Rf2 45. Rc8+ Kf7 46. Rf8# 1-0

[Event "*** Titled Tuesday Blitz"]
[Site "Chess.com"]
[Date "2019.07.02"]
[Round "8"]
[White "OparinGrigoriy"]
[Black "DanielNaroditsky"]
[Result "1-0"]
[WhiteElo "2999"]
[BlackElo "3020"]
[TimeControl "180+2"]
[EndTime "14:49:09 PDT"]
[Termination "OparinGrigoriy won by resignation"]

1. Nf3 d5 2. g3 g6 3. Bg2 Bg7 4. d4 Nd7 5. O-O Ngf6 6. a4 a5 7. b3 c5 8. Bb2 O-O 9. Na3 b6 10. c4 Bb7 11. e3 e6 12. Qe2 Qe7 13.
Rfd1 Rac8 14. Nb5 Ne4 15. Ne5 Rfd8 16. cxd5 Nxe5 17. dxe5 exd5 18. f3 Ng5 19. f4 Ne6 20. Nd6 Rxd6 21. exd6 Qxd6 22. Bxg7 Kxg7 23. Rd2 Bc6 24.
Bxd5 Bxd5 25. Rad1 Rd8 26. Rxd5 Qxd5 27. Rxd5 Rxd5 28.
Qb5 Rd6 29. g4 Nc7 30. Qc4 Nd5 31. Qe4 Nf6 32. Qe5 Re6 33. Qb2 Kf8 34. f5 gxf5 35. gxf5 Rd6 36. Qe5 Rd1+ 37. Kg2 Rd2+ 38. Kf1 Ng4 39.
Qg3 Nf6 40. Qb8+ Kg7 41. Qg3+ Kf8 42. Qh4 Rd6 43. e4 Rc6 44. e5 Ng8 45. Qd8+ Kg7 46.
Qg5+ Kf8 47. f6 Nxf6 48. exf6 Re6 49. Qg7+ Ke8 50. Qg8+ Kd7 51. Qxf7+ Kd6 52. Qg7 1-0

[Event "*** Titled Tuesday Blitz"]
[Site "Chess.com"]
[Date "2019.07.02"]
[Round "8"]
[White "mbojan"]
[Black "Benjoneliere44"]
[Result "1-0"]
[WhiteElo "2609"]
[BlackElo "2440"]
[TimeControl "180+2"]
[EndTime "14:49:12 PDT"]
[Termination "mbojan won by resignation"]

1. e4 c5 2. Nf3 d6 3. d4 cxd4 4.
Nxd4 Nf6 5. Nc3 g6 6. Be3 Bg7 7. f3 O-O 8. Qd2 Nc6 9. O-O-O d5 10. Qe1 e5 11. Nxc6 bxc6 12. Bc5 Re8 13. exd5 cxd5 14.
Ba3 d4 15. Ne4 Nxe4 16. fxe4 Be6 17. Kb1 Rb8 18. Bd3 Qb6 19. b3 a5 20. Bb2 a4 21.
Qe2 Qa7 22. Bc4 axb3 23. cxb3 Bxc4 24. Qxc4 Rec8 25. Qd5 Qa6 26. Rc1 Qd3+ 27. Ka1 Rd8 28. Qc6 h5 29. Qc2 Qxc2 30. Rxc2 d3 31. Rc4 f5 32.
Rd1 Rbc8 33. Rxc8 Rxc8 34. Rxd3 fxe4 35. Re3 Rc2 36. a4 Rxg2 37. a5 Rc2 38. Rxe4 Kf7 39. a6 Rc8 40. Ra4 Ra8 41. b4 e4 42. Bxg7 Kxg7 43.
b5 e3 44. Re4 1-0

[Event "*** Titled Tuesday Blitz"]
[Site "Chess.com"]
[Date "2019.07.02"]
[Round "8"]
[White "VeraNebolsina"]
[Black "lrestevez"]
[Result "1/2-1/2"]
[WhiteElo "2377"]
[BlackElo "2144"]
[TimeControl "180+2"]
[EndTime "14:49:18 PDT"]
[Termination "Game drawn by agreement"]

1. e4 e5 2. Nf3 Nc6 3. Bb5 a6 4. Ba4 Nf6 5. O-O b5 6. Bb3 Be7 7. Re1 O-O 8. c3 d5 9. d4 exd4 10. e5 Ne4 11. cxd4 Be6 12. Nbd2 Nxd2 13. Bxd2 Nb4 14. Be3 Nc6 15. Rc1 Na5 16. Bc2 Nc4 17.
Bb1 Nxe3 18. Rxe3 g6 19. Rec3 Rc8 20. Rc6 a5 21. Qe2 Bd7 22. Ra6 a4 23. Bd3 c6 24.
Ra7 Bg4 25. h3 Be6 26. Qe3 Rc7 27. Rxc7 Qxc7 28. Bxb5 Qb6 29. Bxc6 Qxb2 30. Bxa4 Qxa2 31. Bb3 Qa7 32. h4 Rb8 33. h5 Bf8 34. hxg6 hxg6 35. Bc2 Rc8 36. Bd3 Rxc1+ 37. Qxc1 Bg4 38. Qf4 Qa1+ 39.
Kh2 Bxf3 40. gxf3 Qe1 41. Kg2 Bb4 42. Bb5 Qd2 43. Qf6 Qxd4 44. Be8 Qa7 45. e6 fxe6 46.
Qxe6+ Kg7 47. Qxg6+ Kf8 48. Bc6 Qg7 49. Qxg7+ Kxg7 50.
Bxd5 Kf6 51. f4 1/2-1/2

[Event "*** Titled Tuesday Blitz"]
[Site "Chess.com"]
[Date "2019.07.02"]
[Round "8"]
[White "NM2019"]
[Black "julinha97"]
[Result "1-0"]
[WhiteElo "2153"]
[BlackElo "2217"]
[TimeControl "180+2"]
[EndTime "14:49:18 PDT"]
[Termination "NM2019 won by resignation"]

1. c4 e5 2. Nc3 Nf6 3. Nf3 Nc6 4.
g3 d5 5. cxd5 Nxd5 6. Bg2 Nb6 7.
O-O Be7 8. d3 O-O 9. a4 a5 10.
Be3 Re8 11. Nd2 Bf8 12. Nb5 Nd4 13. Bxd4 exd4 14. Nb3 c5 15. Qc2 Bg4 16. Rfe1 Qc8 17. Qd2 Bd7 18. Nxa5 Bc6 19. b3 Bxg2 20. Kxg2 Nd5 21.
Nc4 Qc6 22. Kg1 f5 23. e4 dxe3 24. Nxe3 Rad8 25. Nxf5 Rxe1+ 26. Rxe1 Qg6 27. Ne3 Nb4 28. Nc4 Nxd3 29. Rd1 Be7 30. Qe2 Bf6 31. Qf3 Rd7 32. Nb6 Ne5 33. Qe2 Rxd1+ 34. Qxd1 Qe4 35. Qd5+ Qxd5 36.
Nxd5 Nd3 37. Nd6 Nc1 38. Nxb7 Nxb3 39. a5 c4 40. a6 Bd4 41. Kf1 Na5 42. Nxa5 1-0

[Event "*** Titled Tuesday Blitz"]
[Site "Chess.com"]
[Date "2019.07.02"]
[Round "8"]
[White "VladDobrov"]
[Black "Sanan_Sjugirov"]
[Result "0-1"]
[WhiteElo "2856"]
[BlackElo "2963"]
[TimeControl "180+2"]
[EndTime "14:49:19 PDT"]
[Termination "Sanan_Sjugirov won by checkmate"]

1. d4 Nf6 2. Nf3 e6 3. Bf4 c5 4.
e3 cxd4 5. exd4 b6 6. Bd3 Bb7 7. Nbd2 Be7 8. h3 d6 9. O-O Nbd7 10. Re1 O-O 11. c3 Re8 12. a4 a6 13. Qb3 Qc7 14. Re2 h6 15. Rae1 Bf8 16. Qa2 Bc6 17. Bg3 Qb7 18.
Re3 b5 19. a5 Bd5 20. Qb1 Qc7 21. b3 Qxa5 22. c4 bxc4 23. bxc4 Bc6 24. Qc2 Reb8 25. d5 exd5 26. Nd4 Ba4 27. Qa2 Qb6 28. Nf5 Nc5 29. Bb1 d4 30. Nxd4 Qb2 31. Ra3 Qxd4 32.
Nf3 Qb2 33. Rxa4 Nxa4 34. Qxa4 Re8 35. Rd1 Ne4 36. Bxe4 Rxe4 37. Qc6 Rae8 38. Bxd6 R4e6 39. c5 Qc2 40. Qd5 Qe4 41. Qa2 Rg6 42. Kh2 Qc6 43. Ne5 Qxg2# 0-1

[Event "*** Titled Tuesday Blitz"]
[Site "Chess.com"]
[Date "2019.07.02"]
[Round "8"]
[White "Blitzstream"]
[Black "Heineccius"]
[Result "1/2-1/2"]
[WhiteElo "2774"]
[BlackElo "2549"]
[TimeControl "180+2"]
[EndTime "14:49:22 PDT"]
[Termination "Game drawn by repetition"]

1. d4 Nf6 2. Bg5 e6 3. e4 h6 4. Bxf6 Qxf6 5. c3 d6 6. Bd3 e5 7.
Ne2 g5 8. O-O Nc6 9. Bb5 Bd7 10.
d5 Nb8 11. Bxd7+ Nxd7 12. Ng3 Bg7 13. Na3 a6 14. Nc4 O-O 15. Ne3 Rfd8 16. b4 Qg6 17. Nef5 Bf8 18. Nh5 Nf6 19. Nxf6+ Qxf6 20. c4 c6 21. Qe2 Rac8 22. Rac1 Rc7 23. Rfd1 Rdc8 24. Qe3 Kh7 25. a3 Kg6 26. h3 b5 27. dxc6 bxc4 28. Rxc4 Rxc6 29. Rxc6 Rxc6 30. Qa7 Qe6 31. Qa8 Qc8 32.
Qxc8 Rxc8 33. Rd3 Rc6 34. Kf1 Kf6 35. Ke2 Rc2+ 36. Ke3 Ke6 37. g4 Rc1 38. Kd2 Ra1 39. Ne3 Be7 40. Nc4 Rf1 41. Ke2 Rc1 42. Ne3 Bd8 43.
Nf5 Bc7 44. Nxh6 Rc2+ 45. Rd2 Rc3 46. Rd3 Rc2+ 47. Rd2 Rc3 48. Rd3 Rc2+ 1/2-1/2

[Event "*** Titled Tuesday Blitz"]
[Site "Chess.com"]
[Date "2019.07.02"]
[Round "8"]
[White "VFernandezB"]
[Black "vova-79"]
[Result "0-1"]
[WhiteElo "2339"]
[BlackElo "2406"]
[TimeControl "180+2"]
[EndTime "14:49:25 PDT"]
[Termination "vova-79 won by resignation"]

1. e4 e6 2. d4 d5 3. Nd2 dxe4 4. Nxe4 Nd7 5. g3 Ngf6 6. Nxf6+ Nxf6 7. Bg2 e5 8. Ne2 exd4 9. Qxd4 Qxd4 10. Nxd4 c6 11.
O-O Bc5 12. Re1+ Kf8 13. Nb3 Bb6 14. Be3 Be6 15. Nc5 Bxc5 16. Bxc5+ Kg8 17. b3 h6 18.
Rad1 Kh7 19. c4 a6 20. h3 Rae8 21. g4 Bc8 22. Bd4 Rxe1+ 23. Rxe1 Re8 24. Rxe8 Nxe8 25. f4 f5 26. g5 Nd6 27. Be5 Ne4 28. Bxe4 fxe4 29.
h4 hxg5 30. hxg5 b5 31. c5 a5 32. Kf2 a4 33. bxa4 bxa4 34. a3 g6 35. Ke3 Bf5 36. Kd4 Kg8 37. Kc4 Kf7 38. Kb4 e3 39. Bc3 Bc2 40. Kc4 Ke6 41. Kd4 e2 42. Bd2 Kf5 43.
Ke3 Bd1 44. Be1 Ke6 45. Ke4 Bb3 46. Bc3 Bc2+ 47. Ke3 Bd1 48. Be5 Kf5 49. Kf2 Ke4 50.
Ke1 Kd5 51. Bd6 Ke6 52. Kd2 Kf5 53. Be5 Ke4 54. Bd6 Kf3 55. Ke1 Bc2 56. Be5 Bf5 57. Bd6 Ke3 58. Be5 Kd3 59. Bd6 Bg4 60.
Be5 Kc4 61. Bd6 Kb3 62. Kd2 Kxa3 63. Be5 Kb4 64. Ba1 Kxc5 65. Bc3 Kc4 66. Be5 Kb3 67. Bc3 Ka2 68. Kc2 Bf5+ 69. Kd2 a3 70. Kxe2 Kb1 71. Ke3 a2 72. Kd4 a1=Q 73. Bxa1 Kxa1 74.
Kc5 Kb2 75. Kxc6 Kc3 76. Kd5 Kd3 77. Ke5 Ke3 0-1

[Event "*** Titled Tuesday Blitz"]
[Site "Chess.com"]
[Date "2019.07.02"]
[Round "8"]
[White "Pechen_Yeltsina"]
[Black "ruzomberok"]
[Result "0-1"]
[WhiteElo "2650"]
[BlackElo "2435"]
[TimeControl "180+2"]
[EndTime "14:49:28 PDT"]
[Termination "ruzomberok won by checkmate"]

1. e4 e5 2. Nc3 Nf6 3. Bc4 Nc6 4. d3 Na5 5. Nge2 Be7 6. O-O Nxc4 7. dxc4 d6 8. Qd3 O-O 9. Be3 Be6 10. b3 c6 11.
Rad1 Qc7 12. h3 Rfe8 13. f4 exf4 14. Nxf4 Bf8 15. Bd4 Nd7 16. Qg3 Ne5 17. Nh5 Ng6 18.
Rd3 Qa5 19. Nf4 Ne5 20. Rd2 Rad8 21. Rfd1 Ng6 22. Nce2 d5 23. cxd5 cxd5 24. exd5 Bxd5 25. Bc3 Qb6+ 26. Bd4 Qa5 27. Bc3 Qb6+ 28. Kh2 Be4 29. Bd4 Qa5 30. Bc3 Qb6 31. Rxd8 Rxd8 32. Rxd8 Qxd8 33. Qe3 Nxf4 34. Nxf4 Bxc2 35. Qxa7 Bd6 36. Qd4 Bxf4+ 37. Qxf4 Bg6 38. a4 f6 39. a5 Be8 40. Qc4+ Bf7 41. Qc5 Bxb3 42. h4 h6 43. Qb4 Bd5 44. Qc5 Qd7 45. Qd4 Qf5 46. Kg3 Qg6+ 47. Kf4 Qxg2 48. Qc5 Qf3# 0-1

[Event "*** Titled Tuesday Blitz"]
[Site "Chess.com"]
[Date "2019.07.02"]
[Round "8"]
[White "MasterKroket"]
[Black "BlackBoarder"]
[Result "0-1"]
[WhiteElo "2393"]
[BlackElo "2507"]
[TimeControl "180+2"]
[EndTime "14:49:32 PDT"]
[Termination "BlackBoarder won by resignation"]

1. d4 Nf6 2. c4 e6 3. Nf3 d5 4. Nc3 Bb4 5. Qa4+ Nc6 6. cxd5 exd5 7. Bg5 h6 8. Bxf6 Qxf6 9. e3 O-O 10. Bb5 Bg4 11.
Bxc6 Bxc3+ 12. bxc3 Bxf3 13. Bxb7 Rab8 14. gxf3 Rxb7 15. Qd1 Rb2 16. Rg1 Qh4 17. Rg2 Rfb8 18. Qd3 Qh3 19. Kf1 Qxf3 20. Kg1 Qe4 21. Qxe4 dxe4 22. Rg4 f5 23. Rg6 Rb1+ 24. Rxb1 Rxb1+ 25. Kg2 Rb6 26. Rxb6 axb6 27. c4 Kf7 28. a4 Ke6 29.
h4 g5 30. hxg5 hxg5 31. f3 exf3+ 32. Kxf3 Kf6 33. e4 fxe4+ 34. Kxe4 Ke6 35. c5 g4 36. d5+ Ke7 37. Kf4 bxc5 38. a5 Kd7 39. Kxg4 c6 40. dxc6+ Kxc6 41. Kf4 Kb5 42. a6 Kxa6 43.
Ke3 Kb5 44. Kd3 Kb4 0-1

[Event "*** Titled Tuesday Blitz"]
[Site "Chess.com"]
[Date "2019.07.02"]
[Round "8"]
[White "DonPreuss"]
[Black "KarstenHansch"]
[Result "1/2-1/2"]
[WhiteElo "2183"]
[BlackElo "2400"]
[TimeControl "180+2"]
[EndTime "14:49:32 PDT"]
[Termination "Game drawn by stalemate"]

1. d4 Nf6 2. Nc3 g6 3. e4 Bg7 4. f4 O-O 5. e5 Ne8 6. Nf3 c5 7.
d5 d6 8. Bc4 a6 9. a4 Nc7 10.
O-O Bd7 11. e6 fxe6 12. dxe6 Bxe6 13. Bxe6+ Nxe6 14. Qd5 Qd7 15. Ng5 Bd4+ 16. Kh1 Rf6 17. Re1 Nc6 18. Rxe6 Nb4 19. Rxd6+ Nxd5 20. Rxd7 Nxf4 21.
Bxf4 Rxf4 22. Ne6 Rf2 23. Nxd4 cxd4 24. Rxd4 Raf8 25. h3 Rxc2 26. Ne4 Rxb2 27. Kg1 Rc8 28. Rf1 Rcc2 29. Rf2 Rxf2 30. Nxf2 b5 31. axb5 axb5 32. Ne4 b4 33. Nc5 Kf7 34. Rd3 e5 35. Rb3 Rxb3 36. Nxb3 Ke6 37. Kf2 Kd5 38. Ke3 Kc4 39. Na5+ Kb5 40.
Nb3 Kc4 41. Nd2+ Kc3 42. g4 g5 43. Ne4+ Kc4 44. Nxg5 b3 45. Ne4 b2 46. Nd2+ Kd5 47.
h4 e4 48. Nb1 Ke5 49. Nc3 h6 50. h5 Kf6 51. Kxe4 Kg5 52. Kf3 Kf6 53. Kf4 Ke6 54.
Nb1 Kf6 55. Nd2 Ke6 56. g5 hxg5+ 57. Kxg5 Kf7 58. Kh6 Kg8 59. Kg6 Kh8 60. h6 Kg8 61.
h7+ Kh8 62. Nb1 1/2-1/2

[Event "*** Titled Tuesday Blitz"]
[Site "Chess.com"]
[Date "2019.07.02"]
[Round "8"]
[White "wonderfultime"]
[Black "AbasovN"]
[Result "0-1"]
[WhiteElo "2898"]
[BlackElo "2900"]
[TimeControl "180+2"]
[EndTime "14:49:35 PDT"]
[Termination "AbasovN won by resignation"]

1. d4 Nf6 2. Nf3 e6 3. Bf4 b6 4. Nbd2 Bb7 5. h3 d5 6. e3 Bd6 7. Bb5+ c6 8. Bxd6 Qxd6 9. Bd3 Nbd7 10. c4 e5 11. cxd5 exd4 12. dxc6 Bxc6 13. Nxd4 Bxg2 14. Rg1 Qh2 15. N2f3 Bxf3 16. Qxf3 O-O 17. O-O-O g6 18. Rg3 Rac8+ 19. Bc2 Nh5 20. Rg5 Ndf6 21. Kb1 Rfd8 22. Rdg1 Qc7 23. Bb3 Kh8 24. a3 a5 25. Rb5 Rd6 26.
a4 Qe7 27. Ka2 Ng7 28. h4 Qe4 29. Qh3 Rf8 30. Qg3 Qe7 31. Qg5 Re8 32. Qf4 Ne4 33. h5 Rf6 34. Qh6 g5 35. Rbxg5 Rxh6 36. Rxg7 Rf8 37.
Nf5 Qf6 38. Bxf7 Qxg7 39. Rxg7 Rf6 40. Bb3 Rxf5 41. Rc7 Rxf2 42. Bc4 Nc5 43. Bb5 R2f5 44. Rc6 R8f6 45. Rc8+ Kg7 0-1

[Event "*** Titled Tuesday Blitz"]
[Site "Chess.com"]
[Date "2019.07.02"]
[Round "8"]
[White "marianokar"]
[Black "chessdjw"]
[Result "1-0"]
[WhiteElo "2468"]
[BlackElo "2709"]
[TimeControl "180+2"]
[EndTime "14:49:38 PDT"]
[Termination "marianokar won by resignation"]

1. d4 Nf6 2. Nf3 d5 3. c4 e6 4. g3 Bb4+ 5. Bd2 Be7 6. Bg2 O-O 7. O-O Nbd7 8. Qb3 Nb6 9. cxd5 exd5 10. Nc3 c6 11. Bf4 Bf5 12. Ne5 Nfd7 13. Rad1 Nxe5 14. dxe5 Be6 15. Qc2 Rc8 16. Bc1 Qd7 17. f4 f5 18. exf6 Bxf6 19. e4 d4 20. e5 Be7 21.
b3 c5 22. Ne4 Nd5 23. Rde1 Bh3 24. Nd6 Nb4 25. Bxh3 Qxh3 26. Qc4+ Kh8 27. Nxc8 Qxc8 28.
a3 Nc6 29. Bd2 a6 30. Qd5 Rd8 31. Qe4 Qe6 32. f5 Qxb3 33. f6 gxf6 34. exf6 Bf8 35. f7 Qd5 36. Qh4 Qd6 37. Bg5 d3 38. Bf6+ Bg7 39.
Bxg7+ Kxg7 40. Qg5+ Kh8 41. Qxd8+ Nxd8 42. f8=Q+ Qxf8 43. Rxf8+ Kg7 44. Rxd8 c4 45. Rd1 b5 46. R1xd3 cxd3 47. Rxd3 1-0

[Event "*** Titled Tuesday Blitz"]
[Site "Chess.com"]
[Date "2019.07.02"]
[Round "8"]
[White "Vadim_Biliy"]
[Black "Manukyan_Artak"]
[Result "1-0"]
[WhiteElo "2226"]
[BlackElo "2306"]
[TimeControl "180+2"]
[EndTime "14:49:39 PDT"]
[Termination "Vadim_Biliy won by resignation"]

1. e4 e5 2. Nf3 d6 3. Bc4 Be7 4. h3 Nf6 5. d3 O-O 6. Nc3 c6 7. Bb3 Nbd7 8. Be3 b5 9. O-O a5 10.
a4 b4 11. Ne2 Re8 12. Ng3 Bf8 13. c3 Nc5 14. Bc4 Ne6 15. d4 exd4 16. cxd4 d5 17. exd5 Nxd5 18. Ne5 Bb7 19. Nf5 Qf6 20. Qc2 Nef4 21.
Bxf4 Nxf4 22. Bxf7+ Kh8 23. Bxe8 Rxe8 24. Ne3 c5 25.
N5g4 Qxd4 26. Rad1 Qe4 27. Qxe4 Bxe4 28. Rfe1 b3 29.
Nc4 Kg8 30. f3 Bg6 31. Rxe8 Bxe8 32. Nxa5 Bxa4 33. Ra1 Bb5 34. Nxb3 c4 35. Nd2 Nd3 36.
Ra2 Bc5+ 37. Kh1 Bd4 38. Ne4 Nxb2 39. Ngf2 Ba4 40. Ra3 c3 41. Nxc3 Bc5 42. Ra2 Bxf2 43. Nxa4 Nxa4 44. Rxf2 Nc3 45. f4 Ne4 46. Rf3 h5 47. g4 hxg4 48. hxg4 Kf7 49. Kg2 g5 50. f5 Kf6 51. Re3 Nc5 52. Kf3 Nd7 53. Re6+ Kf7 54.
Ke3 Nf6 55. Kf3 Nd7 56. Ke3 Nf6 57. Rxf6+ Kxf6 58. Ke4 Kf7 59. Ke5 1-0

[Event "*** Titled Tuesday Blitz"]
[Site "Chess.com"]
[Date "2019.07.02"]
[Round "8"]
[White "Hikaru"]
[Black "temus_galaktionov"]
[Result "1-0"]
[WhiteElo "3155"]
[BlackElo "2547"]
[TimeControl "180+2"]
[EndTime "14:49:40 PDT"]
[Termination "Hikaru won by resignation"]

1. Nf3 c6 2. b3 Nf6 3. Bb2 g6 4. c4 Bg7 5. e3 O-O 6. Be2 d6 7. d4 Bg4 8. Nbd2 Nbd7 9. h3 Bxf3 10. Nxf3 Qa5+ 11. Qd2 Qxd2+ 12. Nxd2 a5 13. a3 e5 14. dxe5 dxe5 15. O-O-O Rfe8 16. Kc2 Nc5 17. Nb1 Nfe4 18.
Rhf1 Red8 19. Rxd8+ Rxd8 20. Bf3 f5 21. Bxe4 Nxe4 22. f3 Nc5 23. Bc3 b6 24. b4 axb4 25. axb4 Na4 26. Rd1 Rxd1 27. Kxd1 Kf7 28. e4 Ke6 29. Kc2 Nxc3 30. Nxc3 Bf6 31. Kb3 Bd8 32. b5 c5 33. exf5+ gxf5 34. Kc2 h5 35. g4 fxg4 36. fxg4 hxg4 37. hxg4 e4 38. Nxe4 Ke5 39. Kd3 Kf4 40. Nc3 Kf3 41. Nd5 Kxg4 42. Ke4 Kg3 43. Nf4 Bg5 44. Ne6 Bd2 45. Kd5 Kf3 46. Kc6 Ba5 47.
Nd8 Ke4 48. Nb7 Bb4 49. Kxb6 Kd4 50. Nd6 Be1 51. Kc6 Bg3 52. b6 Bxd6 53. Kxd6 1-0

[Event "*** Titled Tuesday Blitz"]
[Site "Chess.com"]
[Date "2019.07.02"]
[Round "8"]
[White "M1711"]
[Black "maximnovik"]
[Result "0-1"]
[WhiteElo "2493"]
[BlackElo "2481"]
[TimeControl "180+2"]
[EndTime "14:49:42 PDT"]
[Termination "maximnovik won on time"]

1. e4 c5 2. Nf3 e6 3. d4 cxd4 4. Bg5 Qb6 5. Qxd4 Qxd4 6. Nxd4 Nc6 7. Nb5 Bb4+ 8. c3 Ba5 9. Nd6+ Kf8 10. Nd2 Bc7 11.
Nb5 Bb8 12. Nc4 d5 13. exd5 exd5 14. Ne3 a6 15. Na3 Be6 16. O-O-O f6 17. Bh4 Nge7 18. Kb1 Kf7 19. Be2 Rd8 20. Nac2 Ba7 21. Bf3 Rac8 22.
Rhe1 Ne5 23. Be2 Nf5 24. Nxf5 Bxf5 25. Bg3 d4 26. Bxe5 fxe5 27. Bd3 Bxd3 28. Rxd3 dxc3 29. Rxd8 Rxd8 30. bxc3 Rd2 31. Rxe5 Rxf2 32. Rg5 Kf6 33. Rg3 Bb8 34. Rh3 h6 35. g3 Be5 36. Ne3 Ke6 37.
c4 Bd4 38. Nd5 Kf5 39. Rh4 Be5 40. Ne7+ Ke6 41. Nd5 b5 42. cxb5 Kxd5 43. bxa6 Rb2+ 44.
Ka1 Rb6+ 0-1

[Event "*** Titled Tuesday Blitz"]
[Site "Chess.com"]
[Date "2019.07.02"]
[Round "8"]
[White "Barrelius"]
[Black "Gabix_94"]
[Result "1-0"]
[WhiteElo "2651"]
[BlackElo "2673"]
[TimeControl "180+2"]
[EndTime "14:49:44 PDT"]
[Termination "Barrelius won by checkmate"]

1. Nf3 c5 2. c4 Nc6 3. Nc3 Nf6 4. g3 g6 5. Bg2 Bg7 6. O-O O-O 7. d4 cxd4 8. Nxd4 Qa5 9. e3 d6 10. Rb1 Nxd4 11.
exd4 Bf5 12. Ra1 Rac8 13. Qb3 Bd3 14. Rd1 Bxc4 15. Qxb7 Rc7 16. Qf3 Rb8 17. Ne4 Nxe4 18. Qxe4 Be6 19. Bd2 Qb6 20. Bc3 a5 21. Qe2 Bf5 22. a3 a4 23. Rd2 Bh6 24. Rdd1 Bg7 25. Rd2 Qb3 26. g4 Bc8 27. Re1 Bh6 28. Rdd1 Bg5 29.
h3 Bf6 30. Be4 h6 31. Bc2 Qb7 32. Bxa4 Qa7 33. Bc2 Ba6 34. Bd3 Bb7 35. Be4 Ba6 36. Qf3 Kg7 37. Kg2 e6 38. Kg3 d5 39. Bb1 Rb3 40.
Re3 Qb8 41. Kg2 Bg5 42. Ree1 Qb6 43. Qg3 Bf6 44. h4 Be7 45. g5 h5 46. Qe5+ Kg8 47. Bc2 Rbxc3 48. bxc3 Rxc3 49. Bb1 Bd6 50. Qf6 Bc8 51.
Bxg6 fxg6 52. Qxg6+ Kf8 53. Qf6+ Ke8 54. g6 Qb3 55. Rxe6+ Bxe6 56. Qxe6+ Kf8 57. Qf7# 1-0

[Event "*** Titled Tuesday Blitz"]
[Site "Chess.com"]
[Date "2019.07.02"]
[Round "8"]
[White "wnstop"]
[Black "Korchmar_Vasiliy"]
[Result "1/2-1/2"]
[WhiteElo "2685"]
[BlackElo "2755"]
[TimeControl "180+2"]
[EndTime "14:49:50 PDT"]
[Termination "Game drawn by repetition"]

1. e4 c5 2. Nf3 d6 3. Bb5+ Bd7 4. Bxd7+ Qxd7 5. O-O Nc6 6. c3 Nf6 7. Re1 g6 8. d4 Bg7 9. d5 Na5 10. a4 O-O 11. Nbd2 b5 12. axb5 Qxb5 13. Qa4 Qxa4 14. Rxa4 Nb7 15. Ra6 c4 16. Ra4 Nc5 17. Rxc4 Rfb8 18.
b4 Nd3 19. Rd1 Ng4 20. Nb3 Ngxf2 21. Rf1 Ng4 22. Na5 Rc8 23. Rxc8+ Rxc8 24. Nc6 Rc7 25. c4 Nge5 26. Nfxe5 Nxe5 27. b5 Nxc4 28. Bg5 Kf8 29. Nd8 Bf6 30. Bxf6 exf6 31. Nc6 Kg7 32. Ra1 Rb7 33.
Rxa7 Rxb5 34. Nd8 Ne5 35. Nb7 Rb6 36. h3 h5 37. Kf2 h4 38. Ke3 g5 39. Nd8 Rb3+ 40. Ke2 Rb2+ 41. Ke3 Rxg2 42. Ne6+ Kg6 43.
Nd4 Rg3+ 44. Ke2 Rxh3 45. Nf5 g4 46. Ra8 Kg5 47. Nxd6 Kf4 48. Ne8 Rh2+ 49. Kf1 Kg3 50. Nxf6 Nf3 51. Nh5+ Kh3 52. Nf4+ Kg3 53. Nh5+ Kh3 54.
Nf4+ Kg3 55. Nh5+ 1/2-1/2

[Event "*** Titled Tuesday Blitz"]
[Site "Chess.com"]
[Date "2019.07.02"]
[Round "8"]
[White "ChessWeebs"]
[Black "johnathan113"]
[Result "0-1"]
[WhiteElo "2800"]
[BlackElo "2720"]
[TimeControl "180+2"]
[EndTime "14:49:51 PDT"]
[Termination "johnathan113 won by resignation"]

1. d4 Nf6 2. Nf3 g6 3. c4 Bg7 4. Nc3 O-O 5. e4 d6 6. h3 Na6 7. Be2 e5 8. d5 Nc5 9. Qc2 a5 10.
g4 c6 11. Be3 Bd7 12. Nd2 cxd5 13. cxd5 a4 14. b4 axb3 15. Nxb3 Na4 16. Nxa4 Rxa4 17.
f3 Qa8 18. Kf2 Ne8 19. Kg2 f5 20. g5 Qd8 21. h4 f4 22. Bf2 h6 23. Rag1 hxg5 24.
hxg5 Qxg5+ 25. Kf1 Qf6 26. Bh4 Qf7 27. Nc1 Nf6 28.
Bxf6 Qxf6 29. Qc7 Qe7 30. Kf2 Rc8 31. Qxb7 Kf7 32. Rg2 Ra3 33. Qb2 Rac3 34. Nd3 Rc2 35. Qb1 Rd2 36. Rd1 Qh4+ 37. Kg1 Rh8 38. Qb7 Qh1+ 39. Kf2 Rxe2+ 40. Kxe2 Qxg2+ 41. Nf2 Ke7 42. a4 Rh3 43. Qb3 Rh2 44. Rf1 Bf6 45. a5 Bh4 46. Qb6 Rh3 47. Qb3 Bg4 48. Qb7+ Kf6 0-1

[Event "*** Titled Tuesday Blitz"]
[Site "Chess.com"]
[Date "2019.07.02"]
[Round "8"]
[White "KamilPlichta"]
[Black "tunadrol"]
[Result "1/2-1/2"]
[WhiteElo "2789"]
[BlackElo "2464"]
[TimeControl "180+2"]
[EndTime "14:49:52 PDT"]
[Termination "Game drawn by repetition"]

1. d4 Nf6 2. Bg5 g6 3. Bxf6 exf6 4. e3 d5 5. g3 Bg7 6. Bg2 O-O 7. Ne2 c6 8. O-O Nd7 9. b3 f5 10. c4 Nf6 11.
Nbc3 Ne4 12. Qd3 Be6 13. Rac1 Qa5 14. cxd5 cxd5 15. Qb5 Qxb5 16. Nxb5 a6 17. Nc7 Rac8 18. Nf4 Rfd8 19. Nfxe6 fxe6 20. Nxe6 Re8 21. Nf4 Rcd8 22. Rc7 b5 23. Rfc1 Bh6 24. Ra7 Bxf4 25. gxf4 Ra8 26.
Rxa8 Rxa8 27. Rc5 Rd8 28. Rc6 a5 29. Bxe4 dxe4 30. Rc5 Rb8 31. a3 b4 32. a4 Ra8 33.
Kg2 Ra6 34. f3 exf3+ 35. Kxf3 Kf7 36. Rc7+ Ke6 37. Rxh7 Rc6 38. Ra7 Rc3 39. Ra6+ Kf7 40.
Rxa5 Rxb3 41. Rb5 Rb2 42. h4 b3 43. a5 Ra2 44. Rxb3 Rxa5 45. Rb7+ Kf6 46. Rb6+ Kf7 47. h5 gxh5 48. Rh6 Ke7 49. Rxh5 Ke6 50. Rh6+ Kf7 51. Rc6 Ra3 52. Rc5 Kf6 53. Re5 Ra2 54. d5 Rd2 55. Re6+ Kf7 56. Re5 Kf6 57. Kg3 Kg6 58.
Kf3 Kf6 1/2-1/2

[Event "*** Titled Tuesday Blitz"]
[Site "Chess.com"]
[Date "2019.07.02"]
[Round "8"]
[White "ckgchess"]
[Black "Fins0905"]
[Result "1-0"]
[WhiteElo "2722"]
[BlackElo "2727"]
[TimeControl "180+2"]
[EndTime "14:49:52 PDT"]
[Termination "ckgchess won by resignation"]

1. e4 d5 2. exd5 Qxd5 3. Nc3 Qd8 4. d4 Nf6 5. Nf3 Bg4 6. h3 Bxf3 7. Qxf3 c6 8. Bf4 e6 9. O-O-O Bb4 10. Ne4 Nxe4 11.
Qxe4 Qd5 12. Qe5 Qxe5 13. Bxe5 O-O 14. c3 Be7 15. Bd3 Nd7 16. Bg3 Rfd8 17. Rhe1 Nf6 18. Kc2 h6 19. Be5 Nd7 20. Bh2 Nf6 21. Bf4 Bd6 22. Bc1 b5 23. a3 Kf8 24. f4 Nd5 25. f5 exf5 26. Bxf5 Bg3 27. Rf1 Bh4 28. Be4 Bg5 29. Rde1 Bxc1 30. Kxc1 Rd6 31. Bf3 Rad8 32. Re5 f6 33. Re4 Kf7 34. Rfe1 g6 35. Kc2 f5 36. Re5 Kf6 37. a4 a6 38. axb5 axb5 39. Ra1 Kg5 40. g3 h5 41. h4+ Kf6 42. Ra6 g5 43. Bxh5 g4 44. Be8 f4 45. gxf4 g3 46. Bxc6 g2 47. Rg5 Nxf4 48. Bxb5 Rxa6 49. Bxa6 Rd6 50. Bb7 Re6 51. b4 Re2+ 52. Kb3 Rf2 53. b5 Re2 54. c4 Ke6 55. Bxg2 Nxg2 56. Re5+ Rxe5 57. dxe5 Kxe5 58. h5 Nf4 59. h6 Kd6 60. h7 Ng6 61. Kb4 Kc7 62. c5 Kb7 63. Kc4 Kc7 64. Kd5 Ne7+ 65.
Ke6 Ng6 66. Kf6 Nh8 67. Kg7 1-0

[Event "*** Titled Tuesday Blitz"]
[Site "Chess.com"]
[Date "2019.07.02"]
[Round "8"]
[White "Zq1"]
[Black "StephenDedalus83"]
[Result "0-1"]
[WhiteElo "2558"]
[BlackElo "2793"]
[TimeControl "180+2"]
[EndTime "14:49:58 PDT"]
[Termination "StephenDedalus83 won by resignation"]

1. d4 Nf6 2. c4 g6 3. Nc3 Bg7 4.
e4 d6 5. Nf3 O-O 6. Be2 e5 7. O-O Nc6 8. d5 Ne7 9. Ne1 Ne8 10. Be3 f5 11. f3 f4 12. Bf2 h5 13.
c5 g5 14. Rc1 Ng6 15. a4 Rf7 16. a5 Nf6 17. cxd6 cxd6 18. Nb5 g4 19. Bxa7 Qxa5 20. Bf2 Qd8 21. Kh1 g3 22. Bg1 gxh2 23. Bf2 h4 24. Qc2 Nh5 25. Nc7 Rb8 26. Ne6 Qf6 27. Kxh2 Ng3 28. Rg1 Bd7 29. Qc7 Rc8 30. Qxc8+ Bxc8 31. Rxc8+ Kh7 32. Bb5 Nf8 33. Re8 Re7 34. Nxf8+ Bxf8 35. Rc8 Bh6 36. Nd3 Rg7 37. Rgc1 Qg5 38. Rg1 Qh5 39.
Be8 Qg5 40. Nc1 Nf1+ 41. Kh1 Ne3 42. Ne2 Nxg2 43. Bb6 h3 44. Bd8 Re7 45. Rc7 Rxc7 46. Bxg5 Bxg5 47. Kh2 Nh4 48. Kxh3 Nxf3 49. Rh1 Bh6 50.
Kg4 Nd2 51. Kf5 Nf3 52. Bg6+ Kg7 53. Rh3 Ng5 54. Rh5 Nxe4 55. Kxe4 Kxg6 56. Rh2 Rc4+ 57. Kd3 Rb4 58. Nc3 f3 59. Rh3 Rd4+ 60. Kc2 e4 0-1